Workbook

Sheet Hourly
C2: FREELANCER INVOICE TEMPLATE
C3: HOURLY INVOICE
C7: INVOICE
F9: No: 0001
C10: Billed To: | F10: Billed By:
C11: Semper Dui Corporation | F11: =IFERROR(IF(LEN(Details!C8)=0,"",Details!C8),"") -> My Name
C12: =IFERROR(IF(INDEX(Customers!$C$6:$C$505,MATCH(Hourly!$C$11,Customers!$B$6:$B$505,0))="","",INDEX(Customers!$C$6:$C$505,MATCH(Hourly!$C$11,Customers!$B$6:$B$505,0))),"") -> 494 Applegate Lane Wauregan, CT 06387 | F12: =IFERROR(IF(LEN(Details!C9)=0,"",Details!C9),"") -> My Address
C13: =IFERROR(IF(INDEX(Customers!$D$6:$D$505,MATCH(Hourly!$C$11,Customers!$B$6:$B$505,0))="","",INDEX(Customers!$D$6:$D$505,MATCH(Hourly!$C$11,Customers!$B$6:$B$505,0))),"") -> CT 06387 | F13: =IFERROR(IF(LEN(Details!C10)=0,"",Details!C10),"") -> myemail@mail.com
C14: =IFERROR(IF(INDEX(Customers!$E$6:$E$505,MATCH(Hourly!$C$11,Customers!$B$6:$B$505,0))="","",INDEX(Customers!$E$6:$E$505,MATCH(Hourly!$C$11,Customers!$B$6:$B$505,0))),"") -> contact@samper.mail | F14: =IFERROR(IF(LEN(Details!C11)=0,"",Details!C11),"") -> Contact Number
C16: Period | D16: Invoice Date | E16: Due Date | F16: Total Due
C17: May 1 to May 8th | D17: 44638 | E17: 44669 | F17: =IFERROR(F49,"") -> 360.5
C19: Project Name | D19: Hourly Rate (USD) | E19: Hours Worked | F19: Charge (USD)
C20: Freelancer Invoice Creation | D20: 70 | E20: 5 | F20: =IFERROR(IF(LEN(C20)=0,"",D20*E20),"") -> 350
F21: =IFERROR(IF(LEN(C21)=0,"",D21*E21),"")
F22: =IFERROR(IF(LEN(C22)=0,"",D22*E22),"")
F23: =IFERROR(IF(LEN(C23)=0,"",D23*E23),"")
F24: =IFERROR(IF(LEN(C24)=0,"",D24*E24),"")
C42: Payment Details: | E42: Subtotal: | F42: =IFERROR(SUM(F20:F24),"") -> 350
C43: =IFERROR(IF(INDEX(Details!$C$16:$C$25,MATCH(Calc!G7,Details!$B$16:$B$25,0))="","",INDEX(Details!$C$16:$C$25,MATCH(Calc!G7,Details!$B$16:$B$25,0))),"") -> Please make payment via the link on my website: www.mysite.com
E44: Tax: | F44: 0
E46: Payment Fees: | F46: =IFERROR(F42*Calc!G8,"") -> 10.5
E49: TOTAL | F49: =IFERROR(SUM(F42,F44,F46),"") -> 360.5

Sheet Project
C2: FREELANCER INVOICE TEMPLATE
C3: PROJECT-BASED INVOICE
C7: INVOICE
F9: No: 0001
C10: Billed To: | F10: Billed By:
C11: Amet Faucibus Company | F11: =IFERROR(IF(LEN(Details!C8)=0,"",Details!C8),"") -> My Name
C12: =IFERROR(IF(INDEX(Customers!$C$6:$C$505,MATCH(Project!$C$11,Customers!$B$6:$B$505,0))="","",INDEX(Customers!$C$6:$C$505,MATCH(Project!$C$11,Customers!$B$6:$B$505,0))),"") -> 50 High Street, Watford | F12: =IFERROR(IF(LEN(Details!C9)=0,"",Details!C9),"") -> My Address
C13: =IFERROR(IF(INDEX(Customers!$D$6:$D$505,MATCH(Project!$C$11,Customers!$B$6:$B$505,0))="","",INDEX(Customers!$D$6:$D$505,MATCH(Project!$C$11,Customers!$B$6:$B$505,0))),"") -> CT 06387 | F13: =IFERROR(IF(LEN(Details!C10)=0,"",Details!C10),"") -> myemail@mail.com
C14: =IFERROR(IF(INDEX(Customers!$E$6:$E$505,MATCH(Project!$C$11,Customers!$B$6:$B$505,0))="","",INDEX(Customers!$E$6:$E$505,MATCH(Project!$C$11,Customers!$B$6:$B$505,0))),"") -> contact@ametfaucibus.mail | F14: =IFERROR(IF(LEN(Details!C11)=0,"",Details!C11),"") -> Contact Number
C16: Period | D16: Invoice Date | E16: Due Date | F16: Total Due
C17: May 1 to May 8th | D17: 44638 | E17: 44669 | F17: =IFERROR(F49,"") -> 165
C19: Project Name | D19: Milestone Name | E19: Achieved | F19: Charge (USD)
C20: Dashboard Creation | D20: SQL Queries Confirmed | E20: 44593 | F20: 50
C21: Dashboard Creation | D21: Customer Graphs Complete | E21: 44607 | F21: 35
C22: Forecast Modelling | D22: Forecast Logic Signed Off | E22: 44621 | F22: 50
C23: Forecast Modelling | D23: User Interface Agreed | E23: 44630 | F23: 30
C42: Payment Details: | E42: Subtotal: | F42: =IFERROR(SUM(F20:F24),"") -> 165
C43: =IFERROR(IF(INDEX(Details!$C$16:$C$25,MATCH(Calc!J7,Details!$B$16:$B$25,0))="","",INDEX(Details!$C$16:$C$25,MATCH(Calc!J7,Details!$B$16:$B$25,0))),"") -> You can make Payment by Paypal to myname@email.com You can also make Payment by Bank Transfer: Bank: Branch Code: Account No: IBAN:
E44: Tax: | F44: 0
E46: Payment Fees: | F46: =IFERROR(F42*Calc!J8,"") -> 0
E49: TOTAL | F49: =IFERROR(SUM(F42,F44,F46),"") -> 165

Sheet Details
B2: FREELANCER INVOICE TEMPLATE
B3: MY DETAILS
B6: PERSONAL DETAILS
B8: Freelancer Name | C8: My Name
B9: Address | C9: My Address
B10: Email | C10: myemail@mail.com
B11: Mobile | C11: Contact Number
B13: PAYMENT OPTIONS
B15: Payment Type | C15: Payment Description | D15: Fee
B16: Any | C16: You can make Payment by Paypal to myname@email.com You can also make Payment by Bank Transfer: Bank: Branch Code: Account No: IBAN: | D16: 0
B17: Paypal | C17: You can make Payment by Paypal to myname@email.com | D17: 0.05
B18: Forex Fee | C18: You can make Payment by Paypal to myname@email.com You can also make Payment by Bank Transfer: Bank: Branch Code: Account No: IBAN: | D18: 0.05
B19: Bitcoin | C19: You can make payment via bitcoin to the below address: | D19: 0.02
B20: Credit Card | C20: Please make payment via the link on my website: www.mysite.com | D20: 0.03

Sheet Customers
B2: FREELANCER INVOICE TEMPLATE
B3: CUSTOMERS
B5: Customer Name | C5: Customer Info 1 (Address, Contact etc.) | D5: Customer Info 2 (Address, Contact etc.) | E5: Customer Info 3 (Address, Contact etc.) | F5: Payment Method
B6: Amet Faucibus Company | C6: 50 High Street, Watford | D6: CT 06387 | E6: contact@ametfaucibus.mail | F6: Any
B7: Semper Dui Corporation | C7: 494 Applegate Lane Wauregan, CT 06387 | D7: CT 06387 | E7: contact@samper.mail | F7: Credit Card
B8: Sit Amet Corporation Supplies | C8: 120 Sapelate Lane Cruzy, | D8: AT 079687 | E8: contact@sitamet.mail | F8: Any
B9: Mattis Ornare Corp. Stationary | C9: 744 Sinesota Kauregin | D9: CT 07187 | E9: contact@mattis.mail | F9: Forex Fee
B10: Aliquet Inc. Stationary | C10: North Street -North Of Parkway Greenwich | D10: CT 06830 | E10: contact@aliquet.mail | F10: Any
B11: Tellus Sem LLP Stationary | C11: 50 High Street, Watford | E11: contact@tellus.mail | F11: Forex Fee
B12: Turpis Nulla Consulting | C12: 142 sk. Numlic Street 21/4 | D12: SA 03632 | E12: contact@turpis.mail | F12: Any
B13: Nullam Office | C13: 494 Applegate Lane Wauregan | D13: CT 06387 | E13: contact@nullam.mail | F13: Any

Sheet Calc
C3: General Info | F3: Hourly Invoice | I3: Project Invoice
C5: Customer Number | D5: =IFERROR(IF(COUNTIF(Customers!$B$6:$B$15,"?*")=0,1,COUNTIF(Customers!$B$6:$B$15,"?*")),1) -> 8 | F5: Customer | G5: =IFERROR(IF(LEN(Hourly!C11)=0,"",Hourly!C11),"") -> Semper Dui Corporation | I5: Customer | J5: =IFERROR(IF(LEN(Project!C11)=0,"",Project!C11),"") -> Amet Faucibus Company
F6: Customer Index | G6: =IFERROR(MATCH(G5,Customers!$B$6:$B$15,0),"") -> 2 | I6: Customer Index | J6: =IFERROR(MATCH(J5,Customers!$B$6:$B$15,0),"") -> 1
C7: Payment Method Number | D7: =IFERROR(IF(COUNTIF(Details!B16:B25,"?*")=0,1,COUNTIF(Details!B16:B25,"?*")),"") -> 5 | F7: Method | G7: =IFERROR(INDEX(Customers!$F$6:$F$15,Calc!G6),"") -> Credit Card | I7: Method | J7: =IFERROR(INDEX(Customers!$F$6:$F$15,Calc!J6),"") -> Any
F8: Fee | G8: =IFERROR(INDEX(Details!$D$16:$D$25,MATCH(Calc!G7,Details!$B$16:$B$25,0)),"") -> 0.03 | I8: Fee | J8: =IFERROR(INDEX(Details!$D$16:$D$25,MATCH(Calc!J7,Details!$B$16:$B$25,0)),"") -> 0
